 Dungeon Crawl Stone Soup version 0.30-a0-702-gdf48620a09 (webtiles) character file.

Game seed: 16863017309402050159

196551 purpskrrrp the Executioner (level 17, -6/162 HPs)
             Began as a Minotaur Fighter on Jan 21, 2023.
             Was an Initiate of Gozag.
             Killed by an exploding bloated husk (12 damage)
             ... on level 1 of the Swamp on Jan 22, 2023.
             The game lasted 01:30:24 (34201 turns).

purpskrrrp the Executioner (Minotaur Fighter)      Turns: 34201, Time: 01:30:25

Health: -6/162     AC: 38    Str: 45    XL:     17   Next: 74%
Magic:  16/16      EV: 14    Int:  5    God:    Gozag
Gold:   4068       SH: 27    Dex: 13    Spells: 16/16 levels left

rFire   . . .      SeeInvis +    V - +2 broad axe (venom)
rCold   + . .      Faith    +    d - +8 tower shield of the Heavens {Will+ Stlth+}
rNeg    . . .      Spirit   .    u - +7 plate armour
rPois   +          Reflect  .    a - +2 hat of Skepticism {Drain rElec rCorr Str+2}
rElec   +          Harm     .    m - +1 cloak of Shielding {rPois Str+5 Int+3 Dex-2}
rCorr   +          Rampage  .    E - +2 pair of gloves
Will    ++...      Rage     3%   f - +0 pair of boots Stlth
                                 N - amulet "Dizamm" {Faith Str+4}
HPRegen 0.47/turn                X - ring of Lookla {+Blink AC+4 Str+3 Int-3 SInv}
MPRegen 0.15/turn                c - ring "Ziull" {rPois rC+ Str+6 Dex+3}

@: gold aura, studying Fighting
A: horns 2, retaliatory headbutt, hooves 1, berserk 1, weak 1, inability to read
after injury 1
}: 1/15 runes: serpentine
a: Renounce Religion, Evoke Blink, Potion Petition, Call Merchant, Bribe Branch


You were on level 1 of the Swamp.
You worshipped Gozag.
Gozag was most pleased with you.
You visited 5 branches of the dungeon, and saw 27 of its levels.
You visited the Abyss 1 time.
You also visited: Trove.

You collected 10560 gold pieces.
You spent 2932 gold pieces at shops.
You paid 3560 gold pieces to Gozag.

Inventory:

Hand Weapons
 V - a +2 broad axe of venom (weapon)
 W - a +1 battleaxe of draining
Missiles
 h - 72 poisoned darts
 p - 2 throwing nets
 M - 24 javelins
Armour
 a - the +2 hat of Skepticism (worn) {Drain rElec rCorr Str+2}
   (You acquired it on level 3 of the Snake Pit)

   Str:       It affects your strength (+2).
   rElec:     It insulates you from electricity.
   rCorr:     It protects you from acid and corrosion.
   Drain:     It drains your maximum health when unequipped.
 d - the +8 tower shield of the Heavens (worn) {Will+ Stlth+}
   (You took it off Louise on level 14 of the Dungeon)

   Will:      It increases your willpower.
   Stlth:     It makes you more stealthy.
 f - a +0 pair of boots (worn)
 m - the +1 cloak of Shielding (worn) {rPois Str+5 Int+3 Dex-2}
   (You found it on level 12 of the Dungeon)

   Str:       It affects your strength (+5).
   Int:       It affects your intelligence (+3).
   Dex:       It affects your dexterity (-2).
   rPois:     It protects you from poison.
 r - a +1 hat
 u - a +7 plate armour (worn)
 E - a +2 pair of gloves (worn)
Jewellery
 c - the ring "Ziull" (right hand) {rPois rC+ Str+6 Dex+3}
   (You found it in a treasure trove)

   [ring of strength]

   Str:       It affects your strength (+6).
   Dex:       It affects your dexterity (+3).
   rC:        It protects you from cold.
   rPois:     It protects you from poison.
 i - the ring "Pineudgh" {rPois rCorr Int+5}
   (You found it in a treasure trove)

   [ring of resist corrosion]

   Int:       It affects your intelligence (+5).
   rPois:     It protects you from poison.
   rCorr:     It protects you from acid and corrosion.
 o - a +6 ring of strength
 N - the amulet "Dizamm" (around neck) {Faith Str+4}
   (You found it on level 3 of the Lair of Beasts)

   [amulet of faith]

   It allows you to gain divine favour quickly.
   Str:       It affects your strength (+4).
 R - the ring "Duach" {Fly rN+ Str+4 Dex+6 Stlth+}
   (You found it in a treasure trove)

   [ring of dexterity]

   Str:       It affects your strength (+4).
   Dex:       It affects your dexterity (+6).
   rN:        It protects you from negative energy.
   Fly:       It grants you flight.
   Stlth:     It makes you more stealthy.
 X - the ring of Lookla (left hand) {+Blink AC+4 Str+3 Int-3 SInv}
   (You found it in a treasure trove)

   [ring of protection]

   AC:        It affects your AC (+4).
   Str:       It affects your strength (+3).
   Int:       It affects your intelligence (-3).
   SInv:      It lets you see invisible.
   +Blink:    It lets you blink.
 Y - the ring "Qeehochufa" {rElec rPois rF+ rN+ Str+3}
   (You found it in a treasure trove)

   [ring of positive energy]

   Str:       It affects your strength (+3).
   rF:        It protects you from fire.
   rElec:     It insulates you from electricity.
   rPois:     It protects you from poison.
   rN:        It protects you from negative energy.
Wands
 k - a wand of iceblast (7)
 l - a wand of flame (16)
 q - a wand of mindburst (8)
 w - a wand of digging (7)
 K - a wand of charming (25)
Scrolls
 b - a scroll of summoning
 e - 2 scrolls of poison
 g - 3 scrolls of magic mapping
 j - a scroll of brand weapon
 n - 2 scrolls of blinking
 y - 2 scrolls of fear
 A - 6 scrolls of fog
 D - 11 scrolls of identify
 J - 5 scrolls of teleportation
Potions
 s - 2 potions of invisibility
 x - 2 potions of berserk rage
 z - a potion of might
 F - 2 potions of ambrosia
 H - 13 potions of curing
 I - 4 potions of lignification
 L - 4 potions of flight
 P - 3 potions of heal wounds
 U - a potion of resistance


   Skills:
 + Level 17.6 Fighting
 * Level 22.3 Axes
 + Level 16.5 Armour
 + Level 14.8 Dodging
 + Level 16.5 Shields


You had 16 spell levels left.
You didn't know any spells.
Your spell library contained the following spells:

 Spells                   Type           Power      Damage    Failure   Level
 Shock                    Conj/Air       0%         1d3       99%         1
 Slow                     Hex            0%         N/A       99%         1
 Cigotuvi's Dreadful Rot  Necr/Pois/Air  0%         N/A       100%        2
 Passwall                 Tmut/Erth      0%         N/A       100%        2
 Sublimation of Blood     Necr           0%         N/A       100%        2
 Wereblood                Tmut           0%         N/A       100%        2
 Confusing Touch          Hex            0%         N/A       100%        3
 Frozen Ramparts          Ice            0%         1d1       100%        3
 Inner Flame              Hex/Fire       0%         N/A       100%        3
 Summon Guardian Golem    Hex/Summ       0%         N/A       100%        3
 Swiftness                Air            0%         N/A       100%        3
 Vhi's Electric Charge    Tloc/Air       0%         N/A       100%        3
 Airstrike                Air            0%         2d(0-16)  100%        4
 Anguish                  Hex/Necr       0%         N/A       100%        4
 Cause Fear               Hex            0%         N/A       100%        4
 Flame Wave               Conj/Fire      0%         2d4       100%        4
 Fulminant Prism          Conj/Hex       0%         3d5       100%        4
 Ice Form                 Ice/Tmut       0%         N/A       100%        4
 Olgreb's Toxic Radiance  Pois           0%         N/A       100%        4
 Passage of Golubria      Tloc           0%         N/A       100%        4
 Sticky Flame             Conj/Fire      0%         2d3       100%        4
 Summon Ice Beast         Ice/Summ       0%         N/A       100%        4
 Freezing Cloud           Conj/Ice/Air   0%         6-21      100%        5
 Irradiate                Conj/Tmut      0%         3d11      100%        5
 Lee's Rapid Deconstruct  Erth           0%         3d4*      100%        5
 Silence                  Hex/Air        0%         N/A       100%        5
 Yara's Violent Unravell  Hex/Tmut       0%         3d3       100%        5
 Dragon Form              Tmut           0%         N/A       100%        7
 Malign Gateway           Summ/Tloc      0%         N/A       100%        7
 Summon Hydra             Summ           0%         N/A       100%        7
 Borgnjor's Revivificati  Necr           0%         N/A       100%        8
 Lehudib's Crystal Spear  Conj/Erth      0%         10d2      100%        8
 Necromutation            Tmut/Necr      0%         N/A       100%        8
 Summon Horrible Things   Summ           0%         N/A       100%        8
 Chain Lightning          Conj/Air       0%         N/A       100%        9
 Death's Door             Necr           0%         N/A       100%        9
 Fire Storm               Conj/Fire      0%         5d1       100%        9
 Polar Vortex             Ice            0%         N/A       100%        9
 Shatter                  Erth           0%         3d5*      100%        9


Dungeon Overview and Level Annotations

Branches:
Dungeon (15/15)            Temple (0/1) D:6            Lair (5/5) D:8
  Swamp (1/4) Lair:3        Snake (4/4) Lair:2        Slime (0/5) Lair:4
    Orc (2/2) D:12            Elf (0/3) Orc:2        Vaults (0/5) D:14
 Depths (0/4) D:15

Altars:
Ashenzari
Dithmenos
Elyvilon
Fedhas
Gozag
Kikubaaqudgha
Makhleb
Nemelex Xobeh
Okawaru
Qazlal
Ru
Trog
Uskayaw
Vehumet
Zin
The Shining One
Jiyva

Shops:
D:8 [   D:10 !=**   D:13 **[   Orc:1 *:   Orc:2 (*[(   Lair:5 *   Snake:1 :==


Innate Abilities, Weirdness & Mutations

You have a pair of horns on your head.
You reflexively headbutt those who attack you in melee.
You have large cloven feet.
You sometimes lose your temper in combat.
You are weak. (Str -2)
You occasionally lose the ability to read scrolls when taking damage.


Message History

The spriggan rider resists with almost no effort.
The foxfire is unaffected.
The bloated husk is unaffected.
The spriggan rider resists with almost no effort. x2
The spriggan rider easily resists.
The bunyip resists with some effort.
The will-o-the-wisp is unaffected.
The tyrant leech looks frightened!
The foxfire is unaffected.
The swamp worm looks frightened!
The foxfire is unaffected. x2; The tyrant leech looks frightened!
The foxfire is unaffected.
The spriggan rider is no longer distracted by gold.
You kill the tyrant leech!
The foxfire dissipates!
The foxfire hits you!
* * * LOW HITPOINT WARNING * * *
The foxfire hits you.
* * * LOW HITPOINT WARNING * * *
The spriggan rider hits you but does no damage.
You block the spriggan rider's attack. x2; The will-o-the-wisp blinks!
You feel much better.
The foxfire hits you but does no damage. x2
You block the spriggan rider's attack.
The bunyip claws you but does no damage.
You block the bunyip's attack. The bunyip misses you.
The goliath frog is distracted by your dazzling golden aura.
You block the spriggan rider's attack. x2
The spriggan rider hits you from afar with a +0 spear!!
* * * LOW HITPOINT WARNING * * *
The will-o-the-wisp gestures.
The will-o-the-wisp conjures some foxfire! 2 foxfires come into view.
The spriggan rider looks more healthy.
You block the spriggan rider's attack. x2
The will-o-the-wisp is distracted by your dazzling golden aura.
As you read the scroll of summoning, it crumbles to dust.
Wisps of shadow whirl around you... The foxfire hits you!
* * * LOW HITPOINT WARNING * * *
The bloated husk explodes!
The blast of putrescent gases engulfs the spriggan rider!!!
The blast of putrescent gases engulfs the spriggan rider!!
The blast of putrescent gases engulfs the spriggan rider!!!
The blast of putrescent gases engulfs you!
You die...
Your body crumbles into a pile of gold.

... ♣..~....?
..~♣♣♣♣........
.~~..♣.$.....♣♣♣.
$
.~~~...~.~...♣..$.
..D~~.........♣ ..
.....~$~.§....♣...
...~...$x...w....$
>..~§v~~i.........
~...§§§vi$@D......
....~§§ii§~......~
§..w.F.§§xD~..~...
~~.~~~~.§$~~..~..♣
~~wFv~~......♣♣♣♣♣
~~.~~~~♣.§~~.♣ ♣♣♣
~~~~~~..~....♣
♣♣~♣
♣♣~~♣.~~♣~~..♣♣
♣♣..♣♣
....§§§~...§).♣♣
♣..♣.♣


You could see a bunyip, 4 spriggan riders, 2 goliath frogs, 2 will-o-the-wisps,
a swamp worm (fleeing), a friendly bunyip (summoned), a friendly four-headed
hydra (summoned), a friendly swamp dragon (summoned) and a friendly tyrant leech
(summoned).

Vanquished Creatures
  Frances (D:14)
  Kirke (Snake:3)
  2 nagarajas
  Louise (D:14)
  A quicksilver ooze (Lair:5)
  A cacodemon (Abyss:2)
  A stone giant (D:15)
  A minotaur (Orc:2)
  The ghost of OTABOTABOTAB the Nimble, a journeyman DjFE of Makhleb (Orc:2)
  5 salamander tyrants (Snake:4)
  An ice dragon (Lair:3)
  3 hydras
  3 ogre magi
  3 vault guards (D:14)
  2 catoblepae
  3 centaur warriors
  A boulder beetle (D:15)
  8 death yaks
  An alligator (Swamp:1)
  10 naga warriors
  11 two-headed ogres
  14 anacondas
  4 tengu warriors (D:15)
  2 orc high priests (Orc:2)
  Urug (Orc:1)
  7 shock serpents
  10 naga sharpshooters
  Nergalle (D:10)
  A wretched star (Abyss:2)
  2 sixfirhies (Abyss:2)
  10 salamander mystics
  2 spectral death yaks (Lair:5)
  A spectral anaconda (Lair:5)
  14 skeletal warriors
  2 deep trolls (Orc:1)
  8 naga ritualists
  2 large abominations (Abyss:2)
  An obsidian statue (Lair:5)
  A bog body (Lair:3)
  A swamp dragon (Swamp:1)
  4 necromancers (Lair:5)
  A wizard (D:14)
  2 deep elf pyromancers
  A deep elf archer (D:14)
  5 orc knights
  4 lindwurms (Snake:4)
  17 mana vipers
  5 manticores
  An orc sorcerer (Orc:2)
  A shining eye (Abyss:2)
  4 cyclopes
  9 ugly things
  16 salamanders
  A salamander (shapeshifter) (D:14)
  A smoke demon (Abyss:2)
  21 elephants
  48 black mambas
  8 guardian serpents
  17 naga magi
  10 cane toads
  2 unseen horrors
  14 komodo dragons
  4 rime drakes
  An ancient zyme (Abyss:2)
  A tengu conjurer (D:14)
  2 polar bears
  15 trolls
  A tyrant leech (Swamp:1)
  A hornet (D:11)
  17 blink frogs
  A spectral elephant (Lair:5)
  Prince Ribbit (D:8)
  4 raiju (Abyss:2)
  5 slime creatures
  8 dream sheep (Lair:4)
  A jumping spider (shapeshifter) (D:14)
  Sigmund (D:6)
  A dire elephant simulacrum (Lair:5)
  2 shadows
  3 vampires
  3 wraiths
  3 wyverns
  6 basilisks
  4 fire bats (Abyss:2)
  3 hogs (Snake:3)
  2 humans (D:14)
  38 yaks
  A golden eye (shapeshifter) (D:13)
  4 vampire mosquitoes (D:10)
  2 steam dragons
  A chaos spawn (Abyss:2)
  A death yak simulacrum (Lair:5)
  Menkaure (D:4)
  3 wargs
  2 swamp worms (Swamp:1)
  46 nagas
  3 acid dragons
  16 orc warriors
  A small abomination (Abyss:2)
  16 water moccasins
  3 sky beasts (D:6)
  4 ice beasts
  A black bear (D:7)
  An elephant zombie (Lair:5)
  12 centaurs
  6 wolves
  20 ogres
  7 kobold brigands
  Blork the orc (D:6)
  2 phantoms
  A necrophage (D:4)
  6 bullfrogs
  A cane toad simulacrum (Lair:5)
  A gnoll sergeant (D:9)
  2 scorpions (D:4)
  16 wights
  2 elephant simulacra (Lair:5)
  2 howler monkeys
  8 electric eels
  A quasit (Abyss:2)
  10 jellies
  9 hounds
  A gnoll bouda (D:5)
  8 orc priests
  4 iguanas
  9 orc wizards
  Natasha (thrice) (D:4)
  Robin (D:4)
  13 gnolls
  12 adders
  A white imp (D:5)
  2 ufetubi
  A worm (D:4)
  A dart slug (D:2)
  63 orcs
  3 ball pythons
  7 bats
  9 endoplasms
  3 giant cockroaches
  15 goblins
  8 hobgoblins
  4 jackals (D:3)
  4 quokkas
  3 frilled lizards
  26 kobolds
  13 rats
  2 bushes (D:7)
894 creatures vanquished.

Vanquished Creatures (collateral kills)
  A catoblepas (D:13)
  An ugly thing (D:14)
2 creatures vanquished.

Vanquished Creatures (others)
  A bloated husk (Swamp:1)
  A naga (Snake:3)
  A human (D:6)
  11 foxfires (Swamp:1)
  17 fungi
  14 plants
  12 toadstools (D:7)
  13 withered plants (Lair:5)
70 creatures vanquished.

Grand Total: 966 creatures vanquished

Notes
Turn   | Place    | Note
-------+----------+-------------------------------------------
     0 | D:1      | purpskrrrp the Minotaur Fighter began the quest for the
                  | Orb.
     0 | D:1      | Reached XP level 1. HP: 19/19 MP: 0/0
   153 | D:1      | Reached XP level 2. HP: 18/27 MP: 1/1
   497 | D:1      | Reached skill level 3 in Axes
   506 | D:1      | Reached XP level 3. HP: 33/33 MP: 2/2
  1429 | D:2      | Reached skill level 1 in Dodging
  1874 | D:2      | Found a faded altar of an unknown god.
  2145 | D:3      | Reached XP level 4. HP: 40/40 MP: 3/3
  2366 | D:3      | Found Utsois's General Store.
  3528 | D:4      | Identified the +5 falchion "Moivaoph" {vamp, Dex+7}
  3584 | D:4      | Noticed a necrophage
  3589 | D:4      | Killed a necrophage
  3590 | D:4      | Reached skill level 4 in Axes
  3590 | D:4      | Reached XP level 5. HP: 43/47 MP: 4/4
  3818 | D:4      | Noticed a phantom
  3824 | D:4      | Killed a phantom
  3825 | D:4      | Reached skill level 5 in Axes
  3825 | D:4      | Reached XP level 6. HP: 55/55 MP: 5/5
  3837 | D:4      | Noticed Menkaure
  3843 | D:4      | Killed Menkaure
  3844 | D:4      | Reached skill level 5 in Fighting
  3844 | D:4      | Reached skill level 5 in Armour
  3844 | D:4      | Reached skill level 5 in Shields
  4048 | D:4      | You are sucked into a shaft and drop 1 floor!
  4048 | D:5      | Entered Level 5 of the Dungeon
  4069 | D:5      | Reached XP level 7. HP: 61/61 MP: 6/6
  4089 | D:5      | Reached skill level 6 in Axes
  4127 | D:4      | Noticed Natasha
  4135 | D:4      | Killed Natasha
  4221 | D:4      | Noticed Natasha
  4225 | D:4      | Killed Natasha
  4304 | D:4      | Noticed Natasha
  4306 | D:4      | Killed Natasha
  4608 | D:4      | Noticed Robin
  4616 | D:4      | Killed Robin
  4859 | D:5      | Found a glowing silver altar of Zin.
  4934 | D:5      | Reached XP level 8. HP: 62/70 MP: 7/7
  4991 | D:5      | Found a sparkling altar of Nemelex Xobeh.
  5031 | D:5      | Found an opulent altar of Gozag.
  5061 | D:5      | Reached skill level 7 in Axes
  5085 | D:5      | Became a worshipper of Gozag Ym Sagoz the Greedy
  5304 | D:5      | Found a broken altar of Ashenzari.
  5304 | D:5      | Found a glowing golden altar of the Shining One.
  5307 | D:5      | Found a bloodstained altar of Trog.
  5600 | D:6      | Found a sacrificial altar of Ru.
  5696 | D:6      | Noticed Sigmund
  5699 | D:6      | Killed Sigmund
  5755 | D:6      | Found a staircase to the Ecumenical Temple.
  5763 | D:6      | Reached skill level 8 in Axes
  5884 | D:6      | Noticed Blork the orc
  5891 | D:6      | Killed Blork the orc
  5964 | D:6      | Reached XP level 9. HP: 63/78 MP: 8/8
  6029 | D:6      | Found an ancient bone altar of Kikubaaqudgha.
  6521 | D:6      | Gained mutation: You sometimes lose your temper in combat.
                  | [potion of mutation]
  6521 | D:6      | Gained mutation: Your flesh is heat resistant. (rF+)
                  | [potion of mutation]
  6561 | D:7      | Reached skill level 5 in Dodging
  6578 | D:7      | Found a blossoming altar of Fedhas.
  6754 | D:7      | Reached skill level 9 in Axes
  6780 | D:7      | Found a radiant altar of Vehumet.
  7129 | D:7      | Reached skill level 10 in Axes
  7504 | D:8      | Reached XP level 10. HP: 84/88 MP: 9/9
  8313 | D:8      | Reached skill level 11 in Axes
  8407 | D:8      | Found a staircase to the Lair.
  8549 | D:8      | Noticed Prince Ribbit
  8554 | D:8      | Killed Prince Ribbit
  8944 | D:8      | Bought a jewelled kite shield for 237 gold pieces
  8944 | D:8      | Identified the +0 kite shield "Koinun" {Harm Fly rPois rC-}
                  | (You bought it in a shop on level 8 of the Dungeon)
  9201 | D:9      | Lost mutation: You sometimes lose your temper in combat.
                  | [potion of mutation]
  9201 | D:9      | Lost mutation: Your flesh is heat resistant. (rF+) [potion
                  | of mutation]
  9201 | D:9      | Gained mutation: Armour fits poorly on your strangely
                  | shaped body. [potion of mutation]
  9201 | D:9      | Gained mutation: Your muscles are strong. (Str +4, Int/Dex
                  | -1) [potion of mutation]
  9217 | D:9      | Found a stormy altar of Qazlal.
  9356 | D:9      | Identified the +0 rapier of Demonic Offence {drain, rC+ rN+
                  | MP+9}
  9723 | D:10     | Entered Level 10 of the Dungeon
  9782 | D:10     | Found a hide-covered altar of Uskayaw.
  9925 | D:10     | Reached skill level 12 in Axes
  9938 | D:10     | Reached XP level 11. HP: 97/97 MP: 10/10
  9964 | D:10     | Found a burning altar of Makhleb.
  9983 | D:10     | Found a shadowy altar of Dithmenos.
 10001 | D:10     | Noticed a catoblepas
 10012 | D:10     | Killed a catoblepas
 10045 | D:10     | Noticed a two-headed ogre
 10059 | D:10     | Killed a two-headed ogre
 10154 | D:10     | Noticed Nergalle
 10163 | D:10     | Killed Nergalle
 10185 | D:10     | Lost mutation: Your muscles are strong. (Str +4, Int/Dex
                  | -1) [potion of mutation]
 10185 | D:10     | Lost mutation: Armour fits poorly on your strangely shaped
                  | body. [potion of mutation]
 10185 | D:10     | Gained mutation: Your magical capacity is low. (-10% MP)
                  | [potion of mutation]
 10239 | D:10     | Found Uvilu's Distillery.
 10240 | D:10     | Found Purchaxtu's General Store.
 10246 | D:10     | Found Latto's General Store.
 10246 | D:10     | Found Plog's Jewellery Boutique.
 10253 | D:10     | Bought a scroll of identify for 28 gold pieces
 10583 | D:10     | Lost mutation: Your magical capacity is low. (-10% MP)
                  | [potion of mutation]
 10583 | D:10     | Gained mutation: You occasionally shout uncontrollably at
                  | your foes. [potion of mutation]
 10583 | D:10     | Gained mutation: You possess an exceptional clarity of
                  | mind. [potion of mutation]
 10831 | D:11     | Reached skill level 13 in Axes
 11143 | D:11     | Reached skill level 10 in Shields
 11192 | D:11     | Reached skill level 10 in Armour
 11310 | D:11     | Found a portal to a secret trove of treasure.
 11707 | D:11     | Reached skill level 10 in Fighting
 12288 | D:10     | Bought a +2 cloak for 231 gold pieces
 12385 | D:8      | Bought a scorched plate armour for 700 gold pieces
 12385 | D:8      | Identified the +1 plate armour of the Bard {Dex+3} (You
                  | bought it in a shop on level 8 of the Dungeon)
 12533 | D:12     | Noticed a two-headed ogre
 12537 | D:12     | Killed a two-headed ogre
 12604 | D:12     | Noticed a brown ugly thing
 12608 | D:12     | Killed a brown ugly thing
 12734 | D:12     | Noticed an orc knight
 12735 | D:12     | Noticed a white ugly thing
 12745 | D:12     | Killed an orc knight
 12745 | D:12     | Killed a white ugly thing
 12749 | D:12     | Reached XP level 12. HP: 106/106 MP: 11/11
 12808 | D:12     | Found a staircase to the Orcish Mines.
 13117 | D:12     | Identified the +1 cloak of Shielding {rPois Str+5 Int+3
                  | Dex-2}
 13669 | D:13     | Noticed a two-headed ogre
 13829 | D:13     | Killed a two-headed ogre
 13830 | D:13     | Reached skill level 14 in Axes
 14149 | D:13     | Noticed a catoblepas
 14180 | D:13     | Killed a catoblepas
 14455 | D:13     | Identified the +4 scale mail of Depression {Str+3 Int-5}
 14487 | D:13     | Found Huts's Assorted Antiques.
 14495 | D:13     | Bought a scroll of identify for 46 gold pieces
 14536 | D:13     | Found Qiatoryi's Assorted Antiques.
 14539 | D:13     | Bought a potion of mutation for 248 gold pieces
 14539 | D:13     | Lost mutation: You occasionally shout uncontrollably at
                  | your foes. [potion of mutation]
 14539 | D:13     | Lost mutation: You possess an exceptional clarity of mind.
                  | [potion of mutation]
 14539 | D:13     | Gained mutation: Your muscles are strong. (Str +4, Int/Dex
                  | -1) [potion of mutation]
 14688 | D:13     | Found Otouri Mesol's Antique Armour Boutique.
 14869 | D:10     | Bought a +6 ring of strength for 432 gold pieces
 15156 | D:14     | Noticed a centaur warrior
 15164 | D:14     | Killed a centaur warrior
 15168 | D:14     | Reached skill level 15 in Axes
 15178 | D:14     | Identified the +8 tower shield of the Heavens {Will+
                  | Stlth+}
 15178 | D:14     | Noticed Louise
 15192 | Abyss:2  | Cast into level 2 of the Abyss (Louise)
 15326 | Abyss:2  | Reached XP level 13. HP: 79/116 MP: 12/12
 15339 | Abyss:2  | Reached skill level 10 in Dodging
 15340 | Abyss:2  | Gained mutation: You sometimes lose your temper in combat.
                  | [a shining eye]
 15343 | Abyss:2  | Lost mutation: Your muscles are strong. (Str +4, Int/Dex
                  | -1) [a shining eye]
 15344 | Abyss:2  | Gained mutation: You occasionally lose the ability to read
                  | scrolls when taking damage. [a shining eye]
 15345 | Abyss:2  | Gained mutation: Your body sometimes deteriorates upon
                  | taking damage. [a shining eye]
 15348 | Abyss:2  | Gained mutation: Potions are less effective at restoring
                  | your health. [a shining eye]
 15388 | Abyss:2  | Noticed a cacodemon
 15434 | Abyss:2  | Killed a cacodemon
 15437 | D:14     | Escaped the Abyss
 15446 | D:14     | Killed Louise
 15941 | D:14     | Reached skill level 16 in Axes
 16333 | D:14     | Found a gate to the Vaults.
 16486 | D:14     | Identified the +12 quarterstaff "Orb Guardian's Death"
                  | {speed, Int+3}
 16598 | D:14     | Noticed Frances
 16606 | D:14     | Killed Frances
 16887 | D:15     | Entered Level 15 of the Dungeon
 17825 | D:15     | Reached skill level 17 in Axes
 17825 | D:15     | Reached XP level 14. HP: 85/127 MP: 13/13
 18272 | D:15     | Identified the +6 quarterstaff of Uskayaw's Whim {pain,
                  | Str+2 Int+3 Dex+5}
 18461 | D:15     | Found a staircase to the Depths.
 18461 | D:15     | Noticed a stone giant
 18471 | D:15     | Killed a stone giant
 19101 | Lair:1   | Entered Level 1 of the Lair of Beasts
 20074 | Lair:2   | Found a staircase to the Snake Pit.
 20292 | Lair:2   | Identified the +1 ring mail of Toaqyr Tete {-Cast rN+ Dex+7
                  | SInv}
 20483 | Lair:2   | Got the Tome of the Ten Dreams
 20832 | Lair:2   | Reached skill level 18 in Axes
 21479 | Lair:3   | Identified the amulet "Dizamm" {Faith Str+4}
 21646 | Lair:3   | Found a staircase to the Swamp.
 22050 | Lair:3   | Lost mutation: Potions are less effective at restoring your
                  | health. [potion of mutation]
 22050 | Lair:3   | Lost mutation: Your body sometimes deteriorates upon taking
                  | damage. [potion of mutation]
 22050 | Lair:3   | Gained mutation: You are weak. (Str -2) [potion of
                  | mutation]
 22050 | Lair:3   | Gained mutation: You have large cloven feet. [potion of
                  | mutation]
 22202 | Lair:3   | Got Ewaph's Octavo of Anathema
 22563 | Lair:4   | You fall into a shaft and drop 1 floor!
 22563 | Lair:5   | Entered Level 5 of the Lair of Beasts
 22635 | Lair:4   | Reached XP level 15. HP: 129/136 MP: 14/14
 22941 | Lair:4   | Found a viscous altar of Jiyva.
 22942 | Lair:4   | Found a staircase to the Slime Pits.
 23589 | Lair:5   | Found a white marble altar of Elyvilon.
 23597 | Lair:5   | Identified the +1 scale mail of Faole {rPois}
 23955 | Lair:5   | Reached skill level 19 in Axes
 24703 | Lair:5   | Got the Secrets of the Grounded Snowflakes
 25324 | Lair:5   | Identified a scroll of acquirement
 25325 | Lair:5   | Acquired a +1 vampiric broad axe
 25330 | Lair:5   | Bought a warped golden amulet for 145 gold pieces
 25330 | Lair:5   | Identified the amulet "Jesiq" {Spirit rPois} (You bought it
                  | in a shop on level 5 of the Lair of Beasts)
 25601 | Orc:1    | Entered Level 1 of the Orcish Mines
 25789 | Orc:2    | Entered Level 2 of the Orcish Mines
 25789 | Orc:2    | Found a staircase to the Elven Halls.
 25790 | Orc:2    | Found Jottan's Antique Weapon Shop.
 25795 | Orc:2    | Found Bunyekh's General Store.
 26723 | Orc:2    | Found Mijitwel's Armour Shoppe.
 26739 | Orc:2    | Reached XP level 16. HP: 130/147 MP: 15/15
 26802 | Orc:2    | Found Kobruff's Weapon Shoppe.
 26809 | Orc:2    | Bought a potion of heal wounds for 65 gold pieces
 26992 | Orc:2    | Found a runed translucent gate.
 26992 | Orc:2    | Found a runed translucent gate.
 26992 | Orc:2    | Found a runed translucent gate.
 27035 | Orc:2    | Noticed OTABOTABOTAB's ghost (journeyman DjFE)
 27228 | Orc:2    | Killed OTABOTABOTAB's ghost
 27229 | Orc:2    | Reached skill level 20 in Axes
 27271 | Orc:2    | Got the Anthology of the Star-crossed Cure
 27317 | Orc:1    | Noticed Urug
 27322 | Orc:1    | Killed Urug
 27974 | D:11     | You paid a toll of +2 fire dragon scales to enter a
                  | treasure trove
 27975 | Trove    | Entered a treasure trove
 27979 | Trove    | Identified the ring "Ziull" {rPois rC+ Str+6 Dex+3}
 27981 | Trove    | Identified the ring "Pineudgh" {rPois rCorr Int+5}
 27985 | Trove    | Identified the amulet of Ateops {RegenMP rCorr Dex+3}
 27987 | Trove    | Identified the ring "Munwuof" {AC+4 SInv}
 27989 | Trove    | Identified the ring of Gieges {MP+9 Str+6 Int+7 Dex+3
                  | Slay-4}
 27993 | Trove    | Identified the amulet "Yroufel" {Faith rF+}
 27995 | Trove    | Identified the ring "Duach" {Fly rN+ Str+4 Dex+6 Stlth+}
 28001 | Trove    | Identified the ring of Lookla {+Blink AC+4 Str+3 Int-3
                  | SInv}
 28003 | Trove    | Identified the ring "Qeehochufa" {rElec rPois rF+ rN+
                  | Str+3}
 28005 | Trove    | Identified the amulet "Iviphi" {Regen+ Dex+3}
 28007 | Trove    | Identified the amulet "Yganauh" {RegenMP rElec rPois Dex+3
                  | Slay-6}
 28209 | Snake:1  | Entered Level 1 of the Snake Pit
 28221 | Snake:1  | Reached skill level 15 in Armour
 28222 | Snake:1  | Reached skill level 15 in Shields
 28481 | Snake:1  | Found a sacrificial altar of Ru.
 28537 | Snake:1  | Reached skill level 15 in Fighting
 28652 | Snake:1  | Got Sif Muna's Simple Hermetics
 28690 | Snake:1  | Found Suczut's Book Boutique.
 28691 | Snake:1  | Found Vuruimeh's Jewellery Shoppe.
 28691 | Snake:1  | Found Humempir's Jewellery Shoppe.
 28699 | Snake:1  | Bought a manual of Fighting for 800 gold pieces
 29278 | Snake:2  | Identified the +1 great sword of True Grit {flame, *Slow
                  | rN+ SInv}
 29782 | Snake:2  | Reached skill level 21 in Axes
 29902 | Snake:2  | Identified the +6 scale mail of the Lumpy Planets {Regen+
                  | Dex-4 SInv}
 30981 | Snake:3  | Reached XP level 17. HP: 147/158 MP: 16/16
 31158 | Snake:3  | Noticed Kirke
 31161 | Snake:3  | Killed Kirke
 31926 | Snake:3  | Acquired the +2 hat of Skepticism {Drain rElec rCorr Str+2}
 31965 | Snake:4  | Entered Level 4 of the Snake Pit
 32257 | Snake:4  | Found an iron altar of Okawaru.
 33496 | Snake:4  | Reached skill level 22 in Axes
 33904 | Snake:4  | Got a serpentine rune of Zot
 34141 | Swamp:1  | Entered Level 1 of the Swamp
 34201 | Swamp:1  | HP: 6/162 [will-o-the-wisp/foxfire (16)]
 34201 | Swamp:1  | Killed by an exploding bloated husk

Illustrated notes

Levels and vault maps discovered:
D:1:      dpeg_arrival_morbid_curiosity, layout_loops_ring,
          minmay_misc_feat_four_crosses
D:2:      layout_basic, dilly_ecumenical_altar_fadedgnrine, minmay_hedge_maze
D:3:      layout_basic, serial_shops, nicolae_shop_trees, minivault_11
D:4:      layout_loops_corners, uniq_natasha, uniq_menkaure, uniq_robin
D:5:      layout_basic, pdpol_temple_overflow_zin_treasury_gozag_greed,
          nemelex_diamond_rough_becter, minitemple, minmay_misc_feat_roman
D:6:      layout_basic, tgw_kikubaaqudgha, nicolae_ru_awakened_eye,
          minmay_temple_entry_arrows, uniq_blork_the_orc, uniq_sigmund
D:7:      cheibrodos_fertilizer, layout_basic, vehumet_altar_wand_db,
          fedhas_bush_and_centaur_altar, hangedman_abyss_or_decor_stabs
D:8:      layout_loops_corners, erik_lair_island, uniq_prince_ribbit1
D:9:      layout_roguey, mainiacjoe_overflow_brackets
D:10:     nzn_motion_control, layout_long_grid, old_standard_altar,
          grunt_dithmenos_smoke, lightli_temple_of_fire,
          minmay_shop_grid_forest, uniq_nergalle
D:11:     layout_grid_maze, serial_glass, glass_columns_a, glass_columns_b,
          enter_trove_3, kennysheep_nondescript, minivault_4
D:12:     layout_big_octagon, david_orc_5, kennysheep_generic_room_8
D:13:     layout_long_grid, serial_shops, nicolae_diamond_shop, shop,
          kennysheep_mini
D:14:     layout_grid_maze, grunt_vaults_entry_fortified,
          kennysheep_minor_cross, uniq_frances, uniq_louise
D:15:     grunt_enter_depths_snipers, layout_cave_pools, minmay_door_square
Lair:1:   layout_gridlike, serial_bayou_shore_b, serial_bayou_shore_b,
          grunt_megastairs_5, lemuel_fruit_fields
Lair:2:   nzn_winding_woodlands_three_and_one [nzn_winding_woodlands_5x15_eye,
          nzn_winding_woodlands_5x15_longhouse,
          nzn_winding_woodlands_5x15_parted,
          nzn_winding_woodlands_center_diamonds], layout_regular_city,
          minmay_snake_entry_six_corridors, gauntlet_entry_generic, st_stairs_4
Lair:3:   dragon1_lemuel, layout_hall_layers, skrybe_swamp_entry_bodies,
          small_statue_intersection, nicolae_quartered_pool_little
Lair:4:   layout_regular_city, dpeg_slime_entry_enclosed, serial_bayou_shore_a,
          infiniplex_staircase_pool_2
Lair:5:   due_jungle_book, layout_regular_city, basic_altar,
          nicolae_lair_time_for_slime
Swamp:1:  layout_falls_marsh, nicolae_swamp_round_clearing
Snake:1:  layout_onion_interference, basic_altar, grunt_megastairs_3,
          minmay_shop_grove
Snake:2:  layout_misc_corridors, grunt_ministairs_12, drop_trap,
          nicolae_snake_boneroom
Snake:3:  layout_chambers, grunt_megastairs_4, lemuel_fruit_tree, uniq_kirke
Snake:4:  snake_pit_salamanders_mu, layout_gridlike, basic_altar
Orc:1:    layout_diamond_mine, uniq_urug
Orc:2:    st_orc_open, layout_caves, maelrawn_ghost_gauntlet_escape

Skill      XL: |  1  2  3  4  5  6  7  8  9 10 11 12 13 14 15 16 17 |
---------------+----------------------------------------------------+-----
Fighting       | 4 5 6 7 9 10 11 12 13 14 16 17 | 17.6
Axes           | 3 4 5 6 8 10 12 13 15 17 18 19 21 22 | 22.3
Armour         | 4 5 6 7 9 10 11 12 13 14 15 16 | 16.5
Shields        | 4 5 6 8 9 10 11 12 13 14 15 16 | 16.5
Dodging        | 1 2 3 4 6 7 8 9 11 12 13 14 | 14.8

Action                   |  1- 3 |  4- 6 |  7- 9 | 10-12 | 13-15 | 16-18 || total
-------------------------+-------+-------+-------+-------+-------+-------++-------
Melee: War axe           |    94 |    53 |   224 |   288 |   477 |       ||  1136
       Headbutt          |    10 |     7 |    35 |    54 |   138 |   170 ||   414
       Battleaxe         |       |       |       |       |   114 |       ||   114
       Broad axe         |       |       |       |       |    76 |   700 ||   776
Throw: Dart              |       |       |       |    19 |     4 |       ||    23
       Javelin           |       |       |       |     6 |     3 |       ||     9
Invok: Call Merchant     |       |       |       |     1 |     2 |     1 ||     4
Evoke: Wand              |       |       |       |    22 |     4 |       ||    26
  Use: Scroll            |    10 |     2 |     8 |    16 |    10 |     5 ||    51
       Potion            |       |       |     1 |     8 |     8 |     1 ||    18
 Stab: Distracted        |       |       |       |     3 |     6 |    10 ||    19
Armor: Scale mail        |    37 |       |       |       |       |       ||    37
       Chain mail        |     7 |     5 |       |       |       |       ||    12
       Plate armour      |       |    57 |   265 |   204 |   435 |   200 ||  1161
Dodge: Dodged            |    54 |    25 |   122 |    91 |   255 |   170 ||   717
Block: Buckler           |    22 |    18 |    90 |    17 |       |       ||   147
       Kite shield       |       |       |       |   152 |    34 |       ||   186
       Tower shield      |       |       |       |       |   620 |   883 ||  1503

Table legend: (Time is in decaauts)
 A = Elapsed time spent in this place.
 B = Non-inter-level travel time spent in this place.
 C = Inter-level travel time spent in this place.
 D = Time resting spent in this place.
 E = Time spent auto-exploring this place.
 F = Levels seen in this place.
 G = Mean time per level.
                   A        B        C        D        E       F      G
               +--------+--------+--------+--------+--------+-----+--------+
         Total |  35043 |  31925 |   3118 |   5133 |  20902 |  29 | 1208.4 |
       Dungeon |  19873 |  17692 |   2181 |   3475 |  11124 |  15 | 1324.9 |
          Lair |   6658 |   6177 |    481 |    395 |   4676 |   5 | 1331.6 |
         Swamp |     59 |     59 |      0 |      0 |     28 |   1 |   59.0 |
     Snake Pit |   5985 |   5656 |    329 |    966 |   3507 |   4 | 1496.2 |
  Orcish Mines |   2162 |   2038 |    124 |    255 |   1468 |   2 | 1081.0 |
         Abyss |    252 |    252 |      0 |     40 |     96 |   1 |  252.0 |
         Trove |     51 |     51 |      0 |      0 |      2 |   1 |   51.0 |
               +--------+--------+--------+--------+--------+-----+--------+

Top non-repeatable levels by time:
    D:14: 2322 daAuts
    D:11: 2060 daAuts
 Snake:3: 2048 daAuts
  Lair:5: 1987 daAuts
     D:8: 1891 daAuts
 Snake:4: 1817 daAuts
  Lair:3: 1599 daAuts
    D:12: 1507 daAuts
     D:3: 1497 daAuts
    D:15: 1417 daAuts
 Snake:2: 1384 daAuts
   Orc:1: 1324 daAuts
  Lair:2: 1243 daAuts
     D:4: 1202 daAuts
     D:1: 1186 daAuts
